 Dungeon Crawl Stone Soup version 0.27-a0-531-gb72ec1a1b6 (webtiles) character file.

Game seed: 11288829879127386166

11 karrick the Skirmisher (level 2, 21/24 HPs)
             Began as a Demonspawn Abyssal Knight on Mar 6, 2021.
             Was a Follower of Lugonu.
             Quit the game on level 1 of the Dungeon.
             The game lasted 00:00:42 (427 turns).

karrick the Skirmisher (Demonspawn Abyssal Knight)   Turns: 427, Time: 00:00:43

Health: 21/24      AC:  3    Str: 12    XL:     2   Next: 13%
Magic:  3/3        EV: 11    Int: 13    God:    Lugonu [*.....]
Gold:   32         SH:  0    Dex: 12    Spells: 1/1 levels left

rFire    . . .     SeeInvis .   a - +1 hand axe
rCold    . . .     Faith    .   (no shield)
rNeg     . . .     Spirit   .   b - +0 leather armour
rPois    .         Reflect  .   (helmet restricted)
rElec    .         Harm     .   (no cloak)
rCorr    .         Rampage  .   (no gloves)
Will     .....                  (no boots)
Stlth    +.........             (no amulet)
HPRegen  0.08/turn              (no ring)
MPRegen  0.08/turn              (no ring)

@: no status effects
A: horns 1
a: Renounce Religion, Depart the Abyss


You were on level 1 of the Dungeon.
You worshipped Lugonu.
Lugonu was aware of your devotion.
You visited 1 branch of the dungeon, and saw 1 of its levels.
You visited the Abyss 1 time.

You collected 32 gold pieces.

Inventory:

Hand Weapons
 a - a +1 hand axe (weapon)
Armour
 b - a +0 leather armour (worn)
Potions
 c - a potion of magic {unknown}
 d - 2 potions of might {unknown}


   Skills:
 + Level 3.3 Fighting
 + Level 2.0 Axes
 + Level 1.8 Armour
 + Level 0.9 Dodging
 + Level 2.5 Invocations


You had one spell level left.
You didn't know any spells.
Your spell library was empty.

Dungeon Overview and Level Annotations

Branches:
Dungeon (1/15)

Altars:


Innate Abilities, Weirdness & Mutations

You have a pair of small horns on your head.


Message History

You barely miss the rat. The goblin hits you with a +0 dagger.
The rat bites you but does no damage. The giant cockroach barely misses you.
You slash the goblin!
You kill the goblin!
Lugonu accepts your kill.
You barely miss the rat. You hit the giant cockroach.
The giant cockroach closely misses you. The rat completely misses you.
The giant cockroach misses you.
Your Axes skill increases to level 2!
You have reached level 2!
Your demonic ancestry asserts itself...
A pair of horns grows on your head!
You closely miss the giant cockroach.
The giant cockroach is heavily wounded.
You hit the rat. The rat bites you but does no damage.
The giant cockroach bites you but does no damage.
The rat barely misses you.
Unknown command.
You completely miss the rat. You headbutt the rat.
You kill the rat!
Lugonu accepts your kill.
You can now depart the Abyss.
You hit the giant cockroach. The giant cockroach misses you.
Unknown command.
You closely miss the giant cockroach.
The giant cockroach is almost dead.
The giant cockroach bites you but does no damage. x2
Unknown command.
You hit the giant cockroach but do no damage.
The giant cockroach is almost dead.
The giant cockroach bites you.
Unknown command.
You hit the giant cockroach.
You kill the giant cockroach!
Lugonu accepts your kill.
Unknown command.
No target in view!
Unknown command.
Things that are here:
a +0 dagger; a goblin corpse Are you sure you want to abandon this character and quit the game? (Confirm with "yes".)

########.# ##### #.
.........### #...# #.
#..........######...#####.
+.........................
#............####...#####.
#..........#.# #...# #.
#.......####+####...# ##
#.......#.......#...#
#.......#@⌠...⌠.#...#
#.......#.......#...#
#.......'...⌠...+...#
#.......#.......#...#
#.......#.⌠...⌠.#
#.......#.......#
############+####


There were no monsters in sight!

Vanquished Creatures
  An ooze (D:1)
  A bat (D:1)
  A giant cockroach (D:1)
  2 goblins (D:1)
  2 rats (D:1)
7 creatures vanquished.

Notes
Turn   | Place    | Note
-------+----------+-------------------------------------------
     0 | Abyss:1  | karrick the Demonspawn Abyssal Knight began the quest for
                  | the Orb.
     0 | Abyss:1  | Reached XP level 1. HP: 18/18 MP: 2/2
    46 | Abyss:1  | Noticed a large abomination
    48 | Abyss:1  | Noticed a chaos spawn
    49 | D:1      | Escaped the Abyss
   421 | D:1      | Gained mutation: You have a pair of small horns on your
                  | head. [demonic ancestry]
   421 | D:1      | Reached XP level 2. HP: 21/24 MP: 3/3
   422 | D:1      | Reached * piety under Lugonu
   427 | D:1      | Quit the game

Illustrated notes

Levels and vault maps discovered:
D:1:      matt_arrival_spirals, layout_basic, minmay_fountain_box

Skill      XL: |  1 |
---------------+----+-----
Axes           | 2 |  2.0
Fighting       | |  3.3
Armour         | |  1.8
Dodging        | |  0.9
Invocations    | |  2.5

Action                   || total
-------------------------++-------
Melee: Hand axe          ||    20
       Headbutt          ||     1
Invok: Depart the Abyss  ||     1
Armor: Leather armour    ||     6
Dodge: Dodged            ||    16

Table legend: (Time is in decaauts)
 A = Elapsed time spent in this place.
 B = Non-inter-level travel time spent in this place.
 C = Inter-level travel time spent in this place.
 D = Time resting spent in this place.
 E = Time spent auto-exploring this place.
 F = Levels seen in this place.
 G = Mean time per level.
                   A        B        C        D        E       F      G
               +--------+--------+--------+--------+--------+-----+--------+
         Total |    430 |    430 |      0 |      0 |    383 |   2 |  215.0 |
       Dungeon |    381 |    381 |      0 |      0 |    337 |   1 |  381.0 |
         Abyss |     49 |     49 |      0 |      0 |     46 |   1 |   49.0 |
               +--------+--------+--------+--------+--------+-----+--------+

Top non-repeatable levels by time:
     D:1: 381 daAuts
 Abyss:1: 49 daAuts
